 Dungeon Crawl Stone Soup version 0.31-a0-1612-g4aaf141004 (webtiles) character file.

Game seed: 13806108063937554520

1625 gruber the Covert (level 8, -2/32 (35) HPs)
             Began as a Vine Stalker Fighter on Jan 9, 2024.
             Was a Follower of Hepliaklqana.
             Slain by a wight
             ... wielding a +4 great sword of freezing
              (10 damage)
             ... on level 6 of the Dungeon.
             The game lasted 00:04:56 (4206 turns).

gruber the Covert (Vine Stalker Fighter)            Turns: 4206, Time: 00:04:56

HP:   -2/32 (35)    AC: 11    Str: 18    XL:     8   Next: 97%
MP:   0/9           EV: 10    Int:  8    God:    Hepliaklqana [*.....]
Gold: 332           SH:  6    Dex: 23    Spells: 7/7 levels left

rFire   . . .        o - +3 short sword
rCold   + . .        c - +0 buckler
rNeg    + . .        w - +2 leather armour {rC+}
rPois   .            j - +0 helmet
rElec   .            u - +1 cloak of the Histrionic Kodama {Dex+6 Slay+3}
rCorr   .            f - +2 pair of gloves
SInv    .            (no boots)
Will    +....        (no amulet)
Stlth   ++++         p - ring of positive energy
HPRegen 1.05/turn    a - ring of flight
MPRegen 0.11/turn

%: guardian spirit
@: flying, drained
A: reduced essence, fangs 3, regeneration 1, magic shield, antimagic bite, no
potion heal 2
a: Renounce Religion, Recall Ancestor, Ancestor Identity


You were on level 6 of the Dungeon.
You worshipped Hepliaklqana.
Hepliaklqana was aware of your devotion.
You visited 1 branch of the dungeon, and saw 6 of its levels.

You collected 332 gold pieces.

Inventory:

Hand Weapons
 b - the +5 falchion of Fortitude {flame, rCorr}
   (You found it on level 5 of the Dungeon)

   rCorr:     It protects you from acid and corrosion.
 o - a +3 short sword (weapon)
Armour
 c - a +0 buckler (worn)
 f - a +2 pair of gloves (worn)
 j - a +0 helmet (worn)
 u - the +1 cloak of the Histrionic Kodama (worn) {Dex+6 Slay+3}
   (You found it on level 4 of the Dungeon)

   Dex+6:     It affects your dexterity (+6).
   Slay+3:    It affects your accuracy & damage with ranged weapons and melee
   (+3).
 w - a +2 leather armour of cold resistance (worn)
Jewellery
 a - a ring of flight (right hand)
 p - a ring of positive energy (left hand)
Wands
 k - a wand of flame (15)
Scrolls
 g - 2 scrolls of teleportation {unknown}
 h - 5 scrolls of identify {unknown}
 m - 2 scrolls of fear {unknown}
 n - 2 scrolls of enchant armour {unknown}
 r - a scroll of vulnerability {unknown}
 t - a scroll of brand weapon {unknown}
 y - a scroll of revelation {unknown}
 z - a scroll of poison {unknown}
Potions
 d - a potion of might
 e - a potion of lignification {unknown}
 i - 2 potions of heal wounds {unknown}
 l - a potion of magic {unknown}
 q - a potion of brilliance {unknown}
 s - a potion of mutation {unknown}
 v - a potion of invisibility {unknown}
 x - a potion of cancellation {unknown}


   Skills:
 - Level 2.6 Fighting
 - Level 8.3 Short Blades
 - Level 2.4 Armour
 * Level 8.5 Stealth
 - Level 2.6 Shields


You had 7 spell levels left.
You didn't know any spells.
Your spell library contained the following spells:

 Spells                   Type           Power      Damage    Failure   Level
 Apportation              Tloc           0%         N/A       54%         1
 Kiss of Death            Conj/Necr      0%         2d5       54%         1
 Jinxbite                 Hex            0%         N/A       69%         2
 Sublimation of Blood     Necr           0%         N/A       69%         2
 Confusing Touch          Hex            0%         N/A       89%         3
 Dispel Undead            Necr           0%         3d6       100%        4
 Petrify                  Alch/Erth      0%         N/A       100%        4
 Alistair's Intoxication  Alch           0%         N/A       100%        5
 Irradiate                Conj/Alch      0%         3d11      100%        5


Dungeon Overview and Level Annotations

Branches:
Dungeon (6/15)             Temple (0/1) D:5

Altars:
Elyvilon
Hepliaklqana
Okawaru
Qazlal
Uskayaw
Vehumet
Wu Jian
Zin

Shops:
D:6 :

Annotations:
D:3 1 runed translucent door, noobster's ghost, amateur HuCj
D:4 3 runed translucent doors, MisterFreud's ghost, novice DrSh


Innate Abilities, Weirdness & Mutations

Your life essence is reduced to manifest your ancestor. (-10% HP)
You have razor-sharp teeth.
Your natural rate of healing is unusually fast.
When hurt, damage is shared between your health and your magic reserves.
Your bite disrupts and absorbs the magic of your enemies.
Potions cannot restore your health.


Message History

You hit the wight but do no damage.
The wight is lightly damaged.
You block the wight's attack.
Leofdaeg hits the wight but does no damage.
The wight hits Leofdaeg with a +4 long sword!
Unknown command.
You completely miss the wight. You bite the wight. You drain its power.
You feel invigorated.
The wight is lightly damaged.
You hit the wight.
The wight is moderately damaged.
The wight hits you but does no damage.
Leofdaeg misses the wight.
The wight hits Leofdaeg with a +4 long sword.
Leofdaeg is destroyed!
You barely miss the wight. You bite the wight. You drain its power.
You feel invigorated.
The wight is moderately damaged.
You hit the wight. Your bite misses the wight.
The wight is heavily damaged.
The wight hits you with a +4 great sword of freezing.
The wight freezes you.
The wight hits you with a +5 morningstar.
You partially resist.
You feel drained. The wight hits you but does no damage.
The wight attacks as it pursues you!
The wight hits you with a +4 great sword of freezing!
The wight attacks as it pursues you!
The wight hits you with a +4 great sword of freezing!
The wight freezes you. The wight attacks as it pursues you!
You block the wight's attack. The wight attacks as it pursues you!
You block the wight's attack. The wight attacks as it pursues you!
The wight closely misses you. The wight attacks as it pursues you!
The wight hits you with a +5 morningstar.
* * * LOW HITPOINT WARNING * * *
You partially resist.
You feel drained.
* * * LOW HITPOINT WARNING * * *
The wight attacks as it pursues you!
The wight hits you with a +4 great sword of freezing!
You die...

.............................
.........)...................
.........)...................
........)..).................
...........)................>
.....†...............#########
.....................'.......#
.....................#.......#
..............zz@....#.......####
.....................#.....).#...
.............z...†...#.......#...
.....................#.......'...
....................#.......#R..
....................#.......#...
......).............#.......#...
....................#'########..
..........).........#.......##..


You could see 3 wights.

Vanquished Creatures
  A water moccasin (D:5)
  2 ogres (D:4)
  A centaur (D:5)
  3 scorpions
  6 wights (D:6)
  2 howler monkeys
  2 bombardier beetles
  5 hounds
  A sleepcap (D:5)
  3 iguanas (D:5)
  2 orc wizards (D:4)
  Robin (D:3)
  10 adders
  4 dart slugs
  8 orcs
  2 bats (D:1)
  6 endoplasms
  5 giant cockroaches
  14 goblins
  8 hobgoblins
  6 jackals (D:3)
  7 kobolds
  2 quokkas
  3 ball pythons
  4 frilled lizards
  6 rats
114 creatures vanquished.

Vanquished Creatures (collateral kills)
  A wyvern (D:6)
1 creature vanquished.

Vanquished Creatures (others)
  An ancestor (D:6)
1 creature vanquished.

Grand Total: 116 creatures vanquished

Notes
Turn   | Place    | Note
-------+----------+-------------------------------------------
     0 | D:1      | gruber the Vine Stalker Fighter began the quest for the
                  | Orb.
     0 | D:1      | Reached XP level 1. HP: 11/11 MP: 2/2
   189 | D:1      | Reached XP level 2. HP: 16/16 MP: 3/3
   415 | D:1      | Reached XP level 3. HP: 17/19 MP: 4/4
   968 | D:2      | Reached XP level 4. HP: 23/23 MP: 5/5
  1752 | D:3      | Noticed Robin
  1784 | D:3      | Killed Robin
  1785 | D:3      | Reached XP level 5. HP: 27/27 MP: 6/6
  1933 | D:3      | Found a runed translucent door.
  1936 | D:3      | Noticed noobster's ghost (amateur HuCj)
  2212 | D:4      | Reached skill level 5 in Short Blades
  2252 | D:4      | Noticed an ogre
  2258 | D:4      | Killed an ogre
  2259 | D:4      | Reached XP level 6. HP: 32/32 MP: 7/7
  2498 | D:4      | Reached XP level 7. HP: 35/35 MP: 8/8
  2527 | D:4      | Noticed MisterFreud's ghost (novice DrSh)
  2545 | D:4      | Found a runed translucent gate.
  2545 | D:4      | Found a runed translucent gate.
  2545 | D:4      | Found a runed translucent gate.
  2580 | D:4      | Identified the +1 cloak of the Histrionic Kodama {Dex+6
                  | Slay+3}
  2975 | D:4      | Found a hazy altar of Hepliaklqana.
  2975 | D:4      | Found a stormy altar of Qazlal.
  2982 | D:4      | Found an ornate altar of the Wu Jian Council.
  2984 | D:4      | Found an iron altar of Okawaru.
  2986 | D:4      | Found a faded altar of an unknown god.
  3008 | D:4      | Became a worshipper of Hepliaklqana the Forgotten
  3177 | D:5      | Entered Level 5 of the Dungeon
  3244 | D:5      | Found a glowing silver altar of Zin.
  3258 | D:5      | Identified the +5 falchion of Fortitude {flame, rCorr}
  3321 | D:5      | Found a white marble altar of Elyvilon.
  3363 | D:5      | Gained mutation: You have razor-sharp teeth. [Vine Stalker
                  | growth]
  3363 | D:5      | Reached XP level 8. HP: 39/39 MP: 9/9
  3384 | D:5      | Reached skill level 1 in Stealth
  3430 | D:5      | Found a hide-covered altar of Uskayaw.
  3431 | D:5      | Found a radiant altar of Vehumet.
  3449 | D:5      | Identified the +5 whip of Xeomn {protect, rPois rCorr Int+3
                  | Dex-2}
  3536 | D:5      | Found a staircase to the Ecumenical Temple.
  3560 | D:5      | Reached skill level 5 in Stealth
  4001 | D:6      | Found Nolux's Self-Improvement Boutique.
  4035 | D:6      | Reached * piety under Hepliaklqana
  4155 | D:6      | Noticed a wyvern
  4162 | D:6      | Killed a wyvern
  4206 | D:6      | Slain by a wight

Illustrated notes

Levels and vault maps discovered:
D:1:      matt_arrival_spirals, layout_rooms, minmay_pentomino_t2
D:2:      layout_loops_ring, grunt_decor_resistance
D:3:      kennysheep_goblin_castle, layout_basic, ebering_ghost_sewer_d
D:4:      layout_loops_ring, chequers_temple_overflow_minitemple,
          gammafunk_ghost_split, grunt_ministairs_1, kennysheep_another_room
D:5:      layout_basic, elyvilon_altar_4, zin_statuary,
          nicolae_overflow_two_pavilions, minmay_temple_entry_slanted
D:6:      layout_gridville, nicolae_shop_self_help

Skill      XL: |  1  2  3  4  5  6  7  8 |
---------------+-------------------------+-----
Short Blades   | 2 3 4 5 6 8 |  8.3
Stealth        | 8 |  8.5
Fighting       | |  2.6
Armour         | |  2.4
Shields        | |  2.6

Action                     |  1- 3 |  4- 6 |  7- 9 || total
---------------------------+-------+-------+-------++-------
  Melee: Rapier            |   101 |    37 |       ||   138
         Bite              |    20 |    39 |    43 ||   102
         Short sword       |       |   125 |   135 ||   260
  Evoke: Wand              |       |     4 |     2 ||     6
   Stab: Sleeping          |       |       |     1 ||     1
 Armour: Scale mail        |    61 |    96 |    21 ||   178
         Leather armour    |       |       |    47 ||    47
  Dodge: Dodged            |    46 |    59 |    33 ||   138
  Block: Buckler           |    19 |    39 |    33 ||    91

Table legend: (Time is in decaauts)
 A = Elapsed time spent in this place.
 B = Non-inter-level travel time spent in this place.
 C = Inter-level travel time spent in this place.
 D = Time resting spent in this place.
 E = Time spent auto-exploring this place.
 F = Levels seen in this place.
 G = Mean time per level.
                   A        B        C        D        E       F      G
               +--------+--------+--------+--------+--------+-----+--------+
         Total |   4137 |   3943 |    194 |      0 |   3165 |   6 |  689.5 |
       Dungeon |   4137 |   3943 |    194 |      0 |   3165 |   6 |  689.5 |
               +--------+--------+--------+--------+--------+-----+--------+

Top non-repeatable levels by time:
     D:4: 942 daAuts
     D:5: 802 daAuts
     D:3: 789 daAuts
     D:2: 780 daAuts
     D:1: 634 daAuts
     D:6: 188 daAuts
